 Dungeon Crawl Stone Soup version 0.27.1-33-g824d729ab1 (webtiles) character file.

Game seed: 1679811520954891188

7079 raph the Tainter (level 10, -13/63 HPs)
             Began as a Demonspawn Venom Mage on Dec 11, 2021.
             Was an Elder of Sif Muna.
             Mangled by a two-headed ogre (16 damage)
             ... on level 10 of the Dungeon.
             The game lasted 00:28:41 (14014 turns).

raph the Tainter (Demonspawn Venom Mage)           Turns: 14014, Time: 00:28:41

Health: -13/63     AC: 15    Str: 14    XL:     10   Next: 84%
Magic:  20/20      EV: 16    Int: 20    God:    Sif Muna [****..]
Gold:   116        SH:  0    Dex: 14    Spells: 1/22 levels left

rFire    . . .     SeeInvis .   a - +4 scimitar
rCold    . . .     Faith    .   (no shield)
rNeg     . . .     Spirit   .   E - +0 steam dragon scales
rPois    .         Reflect  .   I - +2 hat
rElec    .         Harm     .   n - +1 cloak
rCorr    .         Rampage  .   M - +2 pair of gloves
Will     .....                  (no boots)
Stlth    ++........             g - amulet of magic regeneration
HPRegen  0.20/turn              c - +6 ring of strength
MPRegen  0.59/turn              t - +4 ring of evasion

@: sluggish, very slow
A: horns 2, slimy green scales 2, foul stench 1, magic regeneration
a: Renounce Religion, Channel Magic, Forget Spell, Divine Exegesis


You were on level 10 of the Dungeon.
You worshipped Sif Muna.
Sif Muna was greatly pleased with you.
You visited 1 branch of the dungeon, and saw 10 of its levels.

You collected 583 gold pieces.
You spent 467 gold pieces at shops.

Inventory:

Hand Weapons
 a - a +4 scimitar (weapon)
 b - a +0 short sword
 s - a +2 long sword
 K - a +2 scimitar
Missiles
 y - 12 javelins
Armour
 n - a +1 cloak (worn)
 E - +0 steam dragon scales (worn)
 I - a +2 hat (worn)
 M - a +2 pair of gloves (worn)
Jewellery
 c - a +6 ring of strength (left hand)
 g - an amulet of magic regeneration (around neck)
 o - a +6 ring of strength
 r - a ring of protection from cold
 t - a +4 ring of evasion (right hand)
 v - a ring of willpower
 J - a ring of see invisible
Wands
 e - a wand of mindburst (9)
 l - a wand of iceblast (6)
 w - a wand of digging (6)
 F - a wand of flame (14)
 G - a wand of polymorph (11)
Scrolls
 f - 7 scrolls of teleportation
 k - a scroll of silence
 u - a scroll of fog
Potions
 d - a potion of lignification
 i - 2 potions of attraction
 j - a potion of berserk rage
 m - 3 potions of brilliance
 x - 3 potions of resistance
 z - a potion of cancellation
 A - 4 potions of ambrosia
 B - a potion of haste {unknown}
 C - 2 potions of curing {unknown}
 D - a potion of magic
 H - a potion of heal wounds {unknown}
 L - a potion of might {unknown}


   Skills:
 + Level 0.0 Fighting
 * Level 0.0 Long Blades
 + Level 1.7 Dodging
 - Level 1.7 Stealth
 - Level 6.8 Spellcasting
 * Level 7.1 Conjurations
 - Level 0.8 Transmutations
 + Level 5.6 Air Magic
 * Level 10.9 Poison Magic
 + Level 6.4 Invocations


You had one spell level left.
You knew the following spells:

 Your Spells              Type           Power      Damage    Failure   Level
a - Sting                 Tmut/Pois      100%       1d8       1%          1
b - Poisonous Vapours     Pois/Air       80%        N/A       1%          2
c - Mephitic Cloud        Conj/Pois/Air  38%        N/A       1%          3
d - Olgreb's Toxic Radia  Pois           50%        N/A       1%          4
e - Shock                 Conj/Air       100%       1d9       1%          1
f - Swiftness             Air            29%        N/A       2%          3
g - Stone Arrow           Conj/Erth      42%        3d9       7%          3
h - Airstrike             Air            14%        N/A       10%         4

Your spell library contained the following spells:

 Spells                   Type           Power      Damage    Failure   Level
 Bolt of Magma            Conj/Fire/Erth 8%         4d6       69%         5
 Shatter                  Erth           3%         3d7*      100%        9


Dungeon Overview and Level Annotations

Branches:
Dungeon (10/15)            Temple (0/1) D:7             Orc (0/2) D:10
   Lair: D:8-11

Altars:
Qazlal
Sif Muna
Beogh

Shops:
D:8 *[   D:9 ?


Innate Abilities, Weirdness & Mutations

You have a pair of horns on your head.
You are mostly covered in slimy green scales. (AC +3)
You may rarely emit foul miasma when damaged in melee.
You regenerate magic rapidly.


Message History

The orc throws a boomerang.
The boomerang barely misses you.
Casting: Stone Arrow (dangerous; 7% risk of failure)
Confirm with . or Enter, or press ? or * to list all spells.
You begin to radiate toxic energy.
The two-headed ogre is poisoned.
The yak is poisoned. x3; The orc is poisoned. x2
The two-headed ogre looks even sicker.
The yak looks even sicker. x2
You kill the orc!
Sif Muna accepts your kill.
You kill the orc!
Sif Muna accepts your kill.
The two-headed ogre looks even sicker.
The yak looks even sicker. x2
Your toxic aura wanes.
Casting: Olgreb's Toxic Radiance (dangerous; 1% risk of failure)
Confirm with . or Enter, or press ? or * to list all spells.
You feel quick.
The yak bellows!
The two-headed ogre hits you but does no damage.
The two-headed ogre hits you with a +0 giant club!!
The yak barely misses you.
You are confused.
You bump into the rock wall.
The yak misses you. The yak gores you.
You barely miss the yak.
The yak is moderately wounded.
The yak gores you but does no damage. x2; The yak gores you!
You bump into the rock wall.
The yak barely misses you.
The two-headed ogre hits you with a +0 giant club!
The two-headed ogre completely misses you.
The yak misses you. The yak closely misses you.
Your magical effects are unravelling.
You feel magically purged.
You feel sluggish.
You feel less confused. Sif Muna accepts your kill.
Reactivating autopickup.
You feel a bit more experienced. The yak gores you but does no damage.
The yak completely misses you.
The two-headed ogre hits you with a +0 giant club!!
* * * LOW HITPOINT WARNING * * *
You emit a cloud of foul miasma!
The two-headed ogre hits you with a +0 giant club!
You die...

....... ...............
....... ........!).......
....... .................
..........
................
..........###.............
................).......##
...o...........YZ.......##
......#........YY#.......#
...............#@Y>......#
.................O..##...#
..................### #..#
.................## ...
.............#....# ..##
........##...# ..# .
.........##..## ..## ..
.#.......##...## ...##. ..
###......#....# ##......


You could see a two-headed ogre (very poisoned), 4 yaks and a troll zombie.

Vanquished Creatures
  A two-headed ogre (D:7)
  Pikel (D:5)
  Joseph (D:9)
  Prince Ribbit (D:6)
  A shadow (D:9)
  3 yaks (D:8)
  A wraith (D:9)
  3 steam dragons (D:8)
  Duvessa (D:6)
  3 water moccasins
  An orc warrior (D:6)
  2 necrophages
  A sky beast (D:5)
  3 ogres
  5 centaurs
  2 phantoms
  2 kobold brigands (D:9)
  4 bullfrogs
  A gnoll sergeant (D:9)
  3 scorpions
  Dowan (D:6)
  A jelly (D:8)
  3 troll zombies (D:10)
  20 wights
  3 howler monkeys (D:9)
  2 electric eels (D:8)
  A bullfrog zombie (D:6)
  3 centaur zombies
  A bullfrog skeleton (D:6)
  A hound (D:6)
  4 orc priests
  A centaur skeleton (D:6)
  Terence (D:2)
  Crazy Yiuf (D:2)
  2 iguanas (D:5)
  5 orc wizards
  A killer bee zombie (D:7)
  3 ogre zombies (D:10)
  5 gnolls (D:9)
  12 adders
  A white imp (D:7)
  2 ufetubi
  An adder zombie (D:5)
  3 dart slugs
  21 orcs
  3 ball pythons
  5 endoplasms
  A giant cockroach (D:2)
  8 hobgoblins
  8 jackals
  3 quokkas
  4 bats
  A frilled lizard (D:2)
  5 goblins
  A goblin skeleton (D:10)
  2 hobgoblin skeletons (D:10)
  4 hobgoblin zombies (D:10)
  14 kobolds
  2 orc skeletons (D:10)
  11 orc zombies (D:10)
  7 rats
218 creatures vanquished.

Vanquished Creatures (others)
  3 fungi (D:8)
  6 plants
9 creatures vanquished.

Grand Total: 227 creatures vanquished

Notes
Turn   | Place    | Note
-------+----------+-------------------------------------------
     0 | D:1      | raph the Demonspawn Venom Mage began the quest for the Orb.
     0 | D:1      | Reached XP level 1. HP: 13/13 MP: 3/3
   377 | D:1      | Gained mutation: You regenerate magic rapidly. [demonic
                  | ancestry]
   377 | D:1      | Reached XP level 2. HP: 19/19 MP: 3/5
   390 | D:1      | Learned a level 2 spell: Poisonous Vapours
  1260 | D:1      | Reached skill level 4 in Poison Magic
  1319 | D:1      | Found a faded altar of an unknown god.
  1322 | D:1      | Became a worshipper of Sif Muna the Loreminder
  1322 | D:1      | Reached * piety under Sif Muna
  2037 | D:2      | Gained mutation: You are partially covered in slimy green
                  | scales. (AC +2) [demonic ancestry]
  2037 | D:2      | Reached XP level 3. HP: 24/24 MP: 3/6
  2041 | D:2      | Learned a level 3 spell: Mephitic Cloud
  2355 | D:2      | Noticed Terence
  2371 | D:2      | Killed Terence
  2372 | D:2      | Reached XP level 4. HP: 30/30 MP: 7/7
  2637 | D:2      | Reached skill level 5 in Poison Magic
  3041 | D:2      | Found a runed translucent door.
  3042 | D:2      | Noticed Crazy Yiuf
  3057 | D:2      | Killed Crazy Yiuf
  3058 | D:2      | Reached skill level 1 in Conjurations
  4067 | D:3      | Reached XP level 5. HP: 21/35 MP: 8/8
  5242 | D:4      | Reached ** piety under Sif Muna
  5737 | D:5      | Entered Level 5 of the Dungeon
  5880 | D:5      | Gained mutation: You have a pair of small horns on your
                  | head. [demonic ancestry]
  5880 | D:5      | Reached XP level 6. HP: 39/41 MP: 7/10
  5885 | D:5      | Learned a level 4 spell: Olgreb's Toxic Radiance
  5916 | D:5      | Reached skill level 6 in Poison Magic
  5999 | D:5      | Noticed a water moccasin
  6007 | D:5      | Killed a water moccasin
  6558 | D:5      | Reached XP level 7. HP: 45/46 MP: 12/12
  6840 | D:5      | Noticed Pikel
  6867 | D:5      | Killed Pikel
  6868 | D:5      | Reached skill level 7 in Poison Magic
  6868 | D:5      | Gained mutation: You may rarely emit foul miasma when
                  | damaged in melee. [demonic ancestry]
  6868 | D:5      | Reached XP level 8. HP: 46/52 MP: 8/14
  6929 | D:5      | Reached skill level 8 in Poison Magic
  7528 | D:6      | Reached skill level 5 in Spellcasting
  7538 | D:6      | Reached skill level 5 in Conjurations
  7765 | D:6      | Learned a level 1 spell: Shock
  7814 | D:6      | Reached skill level 1 in Air Magic
  7814 | D:6      | Reached skill level 1 in Invocations
  7917 | D:6      | Reached skill level 9 in Poison Magic
  7917 | D:6      | Gained mutation: You are mostly covered in slimy green
                  | scales. (AC +3) [demonic ancestry]
  7917 | D:6      | Reached XP level 9. HP: 26/57 MP: 16/16
  8849 | D:6      | Noticed Dowan
  8850 | D:6      | Noticed Duvessa
  8856 | D:6      | Killed Duvessa
  8856 | D:6      | Killed Dowan
  9163 | D:6      | Learned a level 3 spell: Swiftness
  9167 | D:6      | Learned a level 3 spell: Stone Arrow
  9194 | D:6      | Found a stormy altar of Qazlal.
  9205 | D:6      | Noticed Prince Ribbit
  9371 | D:6      | Killed Prince Ribbit
  9946 | D:7      | Found a staircase to the Ecumenical Temple.
 10044 | D:7      | Noticed a two-headed ogre
 10062 | D:7      | Killed a two-headed ogre
 10062 | D:7      | Reached *** piety under Sif Muna
 10557 | D:8      | Gained mutation: You have a pair of horns on your head.
                  | [demonic ancestry]
 10557 | D:8      | Reached XP level 10. HP: 60/63 MP: 16/19
 10559 | D:8      | Reached skill level 10 in Poison Magic
 10892 | D:8      | Reached skill level 5 in Invocations
 11028 | D:8      | Found Ronal's Assorted Antiques.
 11036 | D:8      | Bought a silvery potion for 21 gold pieces
 11036 | D:8      | Bought a scroll of identify for 48 gold pieces
 11036 | D:8      | Bought an encrusted onyx ring for 120 gold pieces
 11097 | D:8      | Reached skill level 5 in Air Magic
 11343 | D:8      | Found Lualenua's Armour Shoppe.
 11346 | D:8      | Bought a +2 hat for 176 gold pieces
 11660 | D:9      | Noticed Joseph
 11674 | D:9      | Killed Joseph
 11953 | D:9      | Reached **** piety under Sif Muna
 12027 | D:9      | Found Tanlan's Magic Scroll Shop.
 12032 | D:9      | Bought a scroll of identify for 34 gold pieces
 12032 | D:9      | Bought a scroll of identify for 34 gold pieces
 12032 | D:9      | Bought a scroll of identify for 34 gold pieces
 12913 | D:10     | Entered Level 10 of the Dungeon
 13096 | D:10     | Found a staircase to the Orcish Mines.
 13135 | D:9      | Learned a level 4 spell: Airstrike
 13997 | D:10     | Noticed a two-headed ogre
 14014 | D:10     | HP: 3/63 [two-headed ogre (22)]
 14014 | D:10     | Mangled by a two-headed ogre

Illustrated notes

Levels and vault maps discovered:
D:1:      saegor_arrival_simple_d, layout_loops_ring,
          hellmonk_ecumenical_altar_defaced_shrine
D:2:      minmay_evil_eye, layout_basic, hex_large, uniq_terence,
          uniq_crazy_yiuf_cottage
D:3:      wad_lake_hut, layout_basic
D:4:      layout_basic
D:5:      layout_basic, grunt_tough_drop, uniq_pikel
D:6:      layout_cave_pools, mainiacjoe_overflow_concentric_impassable,
          corexii_mini_fake_secret_closet, serial_bayou_pond_a,
          kennysheep_diamond, minivault_22, corexii_corridor_pit,
          roderic_serpentine_path, uniq_prince_ribbit1, uniq_duvessa
D:7:      layout_rooms, minmay_temple_entry_fiery
D:8:      layout_basic, serial_shops, shop, kennysheep_mini, fungi_pond_lemuel
D:9:      layout_layer_cave, serial_shops, kennysheep_little_box, uniq_joseph
D:10:     layout_layer_cave, zombieorc2_lemuel

Skill      XL: |  1  2  3  4  5  6  7  8  9 10 |
---------------+-------------------------------+-----
Poison Magic   | 4 5 6 7 9 10 | 10.9
Conjurations   | 1 2 3 4 5 6 7 |  7.1
Spellcasting   | 3 4 5 6 |  6.8
Air Magic      | 1 4 5 |  5.6
Invocations    | 2 4 6 |  6.4
Dodging        | |  1.7
Stealth        | |  1.7
Transmutations | |  0.8

Action                   |  1- 3 |  4- 6 |  7- 9 | 10-12 || total
-------------------------+-------+-------+-------+-------++-------
Melee: Unarmed           |    15 |       |       |       ||    15
       Short sword       |     4 |       |       |       ||     4
       Long sword        |     6 |    26 |    51 |       ||    83
       Headbutt          |       |       |    24 |    11 ||    35
       Scimitar          |       |       |    43 |    62 ||   105
Throw: Boomerang         |       |       |     3 |       ||     3
 Cast: Sting             |    32 |    43 |    33 |    19 ||   127
       Poisonous Vapours |    11 |    45 |    37 |     3 ||    96
       Mephitic Cloud    |       |     2 |     4 |     4 ||    10
       Olgreb's Toxic Ra |       |     1 |    14 |    14 ||    29
       Shock             |       |       |    50 |    15 ||    65
       Stone Arrow       |       |       |       |    47 ||    47
       Airstrike         |       |       |       |    10 ||    10
       Swiftness         |       |       |       |     1 ||     1
Evoke: Wand              |       |     3 |       |       ||     3
  Use: Scroll            |     5 |     9 |     2 |     8 ||    24
       Potion            |       |       |       |     1 ||     1
 Stab: Confused          |       |       |     1 |     1 ||     2
       Sleeping          |       |       |       |     1 ||     1
Armor: Robe              |     6 |    18 |    58 |     8 ||    90
       Steam dragon scal |       |       |       |    49 ||    49
Dodge: Dodged            |    29 |    40 |   119 |   101 ||   289
       Rpst.: Long sword |     3 |    18 |    17 |       ||    38
       Scimitar          |       |       |    15 |    25 ||    40
